 Dungeon Crawl Stone Soup version 0.16.1-4-g8e1b745 (webtiles) character file.

191 wojtek the Cutter (level 6, -7/35 HPs)
             Began as a Kobold Assassin on Mar 26, 2015.
             Shot with an arrow by a centaur (12 damage)
             ... on level 3 of the Dungeon.
             The game lasted 00:05:34 (3266 turns).

wojtek the Cutter (Kobold Assassin)                 Turns: 3266, Time: 00:05:34

Health: -7/35      AC:  4    Str: 10    XL:     6   Next: 1%
Magic:  6/6        EV: 14    Int: 11    God:
Gold:   188        SH:  0    Dex: 17    Spells: 0 memorised, 5 levels left

rFire  . . .     SeeInvis .     b - +0 blowgun
rCold  . . .     Clarity  .     c - +0 robe
rNeg   . . .     SustAb   .     (no shield)
rPois  .         Gourm    .     (no helmet)
rElec  .         Spirit   .     d - +0 cloak
rCorr  .         Warding  .     C - +0 pair of gloves
rMut   .         Stasis   .     (no boots)
MR     .....                    (no amulet)
Stlth  +++.......               (no ring)
                                k - ring of wizardry

@: not resistant to hostile enchantments, fairly stealthy
A: carnivore 3
a: no special abilities


You were on level 3 of the Dungeon.
You were very full.

You visited 1 branch of the dungeon, and saw 3 of its levels.

You collected 188 gold pieces.

Inventory:

Hand weapons
 a - a +2 dagger
 b - a +0 blowgun (weapon)
Missiles
 e - 10 poisoned needles (quivered)
 f - 2 curare-tipped needles {=f}
 A - 2 needles of paralysis {=f}
Armour
 c - a +0 robe (worn)
 d - a +0 cloak (worn)
 z - a cursed -2 ring mail
 C - a +0 pair of gloves (worn)
Jewellery
 k - a ring of wizardry (left hand)
Scrolls
 h - 3 scrolls of identify
 o - 2 scrolls of fear
 p - a scroll of enchant weapon {unknown}
 r - 3 scrolls of remove curse
 s - 2 scrolls of immolation {unknown}
 u - 2 scrolls of teleportation {unknown}
 x - a scroll of blinking {unknown}
 y - 2 scrolls of recharging {unknown}
 B - a scroll of noise {unknown}
Potions
 j - 2 potions of restore abilities {unknown}
 l - a potion of ambrosia
 m - a potion of brilliance {unknown}
 n - 2 potions of agility {unknown}
 q - 2 potions of curing {unknown}
 t - a potion of magic {unknown}
Books
 w - a book of Geomancy

   Spells                             Type                      Level
   a - Sandblast                      Earth                        1
   b - Stoneskin                      Transmutation/Earth          2
   c - Passwall                       Transmutation/Earth          3
   d - Stone Arrow                    Conjuration/Earth            3
   e - Petrify                        Transmutation/Earth          4
   f - Lee's Rapid Deconstruction     Earth                        5
Comestibles
 g - 2 meat rations
 i - a beef jerky
 v - a chunk of flesh


   Skills:
 - Level 2.1 Fighting
 + Level 7.6 Short Blades
 - Level 2.6 Throwing
 - Level 1.2 Dodging
 - Level 5.3 Stealth


You had 5 spell levels left.
You didn't know any spells.

Dungeon Overview and Level Annotations

Branches:
Dungeon (3/15)

Altars:
Okawaru
Trog

Annotations:
D:3 exclusion: ogre


Innate Abilities, Weirdness & Mutations

You are small and have problems with some larger weapons.
You are carnivorous and can eat meat at any time.


Message History

You feel clever.
The centaur shoots an arrow.
The arrow barely misses you.
You see here an arrow.
The goblin hits you but does no damage.
You see here an arrow.
Wield which item (- for none, * to show all)? (? for menu, Esc to quit)
a - a +2 dagger (weapon)
The goblin hits you but does no damage.
You closely miss the goblin. You hit the goblin.
The goblin is severely wounded.
The goblin completely misses you.
You hit the goblin.
You kill the goblin!
The centaur shoots an arrow.
The arrow hits you!
* * * LOW HITPOINT WARNING * * *
Wield which item (- for none, * to show all)? (? for menu, Esc to quit)
b - a +0 blowgun (weapon)
The centaur shoots an arrow.
The arrow hits you!
You die...

#.........# #....).
####...#### #...... #...# ##
######. #...# ... ## #...#
....######### ## #...#
.............. #.. #...#
..............
#...####...#####..............
#....(...)oc(@................
#....###...#####..............
#..o> ##### ...###.........
#.... #........) #....
########## #..g. ##... #... .


You could see a centaur and an orc.

Vanquished Creatures
  A hound (D:3)
  The ghost of serseaman the Skirmisher, a weakling HOFi (D:3)
  4 adders
  3 gnolls (D:3)
  A worm (D:2)
  4 giant geckos
  An orc (D:3)
  2 giant cockroaches
  7 hobgoblins
  8 jackals
  7 bats
  7 giant newts
  7 goblins
  10 kobolds
  13 rats
76 creatures vanquished.

Notes
Turn   | Place    | Note
--------------------------------------------------------------
     0 | D:1      | wojtek, the Kobold Assassin, began the quest for the Orb.
     0 | D:1      | Reached XP level 1. HP: 12/12 MP: 1/1
   480 | D:1      | Reached XP level 2. HP: 15/17 MP: 2/2
   876 | D:1      | Reached XP level 3. HP: 11/21 MP: 3/3
  1472 | D:2      | Reached skill level 5 in Short Blades
  1517 | D:2      | Reached XP level 4. HP: 17/26 MP: 4/4
  1802 | D:2      | Found an iron altar of Okawaru.
  2467 | D:2      | Reached skill level 6 in Short Blades
  2574 | D:3      | Noticed serseaman's ghost (weakling HOFi)
  2580 | D:3      | Killed serseaman's ghost
  2580 | D:3      | Reached XP level 5. HP: 25/30 MP: 5/5
  2622 | D:3      | Reached skill level 7 in Short Blades
  2943 | D:3      | Found a bloodstained altar of Trog.
  3113 | D:3      | Noticed an ogre
  3247 | D:3      | Noticed a centaur
  3257 | D:3      | Reached XP level 6. HP: 17/35 MP: 6/6
  3266 | D:3      | Shot with an arrow by a centaur

Action                   |  1- 3 |  4- 6 || total
-------------------------+-------+-------++-------
Melee: Dagger            |   114 |   132 ||   246
 Fire: Blowgun           |       |     7 ||     7
  Use: Scroll            |       |     3 ||     3
 Stab: Sleeping          |     6 |     6 ||    12
       Distracted        |     1 |     1 ||     2
  Eat: Chunk             |    10 |     5 ||    15
